 Dungeon Crawl Stone Soup version 0.17.1-1-g73c8601 (webtiles) character file.

4760 Implojin the Grappler (level 10, -7/106 HPs)
             Began as a Troll Monk on Apr 8, 2016.
             Was a High Priest of Okawaru.
             Mangled by a white ugly thing (11 damage)
             ... on level 11 of the Dungeon.
             The game lasted 00:13:09 (1952 turns).

Implojin the Grappler (Troll Monk)                  Turns: 1952, Time: 00:13:09

Health: -7/106     AC:  5    Str: 21    XL:     10   Next: 23%
Magic:  7/9        EV: 14    Int:  6    God:    Okawaru [*****.]
Gold:   45         SH:  0    Dex: 15    Spells: 0 memorised, 9 levels left

rFire  . . .     SeeInvis .       - Unarmed
rCold  . . .     Clarity  .     a - +0 robe
rNeg   . . .     SustAt   +     (no shield)
rPois  .         Gourm    +     (helmet restricted)
rElec  .         Spirit   .     (no cloak)
rCorr  .         Warding  .     (gloves unavailable)
rMut   .         Stasis   .     (boots unavailable)
MR     +....                    (no amulet)
Stlth  +++.......               j - ring of protection from magic
                                l - ring of sustain attributes

@: heroism, somewhat resistant to hostile enchantments, fairly stealthy
A: unfitting armour, claws 3, fast metabolism 3, gourmand, regeneration 2,
shaggy fur 1, tough skin 2
a: Heroism, Finesse, Renounce Religion


You were on level 11 of the Dungeon.
You worshipped Okawaru.
Okawaru was extremely pleased with you.
You were not hungry.

You visited 2 branches of the dungeon, and saw 14 of its levels.
You also visited: Labyrinth.

You collected 45 gold pieces.

Inventory:

Missiles
 h - 4 large rocks (quivered)
Armour
 a - a +0 robe (worn)
 B - a +0 large shield
Rods
 c - a +5 rod of the swarm (11/11)
   (You took it off a minotaur in a labyrinth)
 A - a +8 lightning rod (10/10)
   (You found it in a labyrinth)
Jewellery
 j - a ring of protection from magic (right claw)
 l - a ring of sustain attributes (left claw)
 w - an uncursed ring of ice
 y - an uncursed ring of fire
Wands
 m - a wand of draining (8)
 q - a wand of magic darts (8)
 t - a wand of draining (11)
 v - a wand of flame (16)
Scrolls
 d - a scroll of random uselessness {unknown}
 e - a scroll of fear
Potions
 g - a potion of lignification {unknown}
 i - a potion of flight {unknown}
 r - a potion of ambrosia {unknown}
 s - 2 potions of poison
 u - a potion of degeneration {unknown}
Books
 f - the Reference Book on Shape Shifting and the Mountains
   (You found it in a labyrinth)

   Spells                             Type                      Level
   a - Sandblast                      Earth                        1
   b - Beastly Appendage              Transmutation                1
   c - Ignite Poison                  Fire/Transmutation/Poison    3
   d - Hydra Form                     Transmutation                6
   e - Shatter                        Earth                        9
 n - a book of Hinderance

   Spells                             Type                      Level
   a - Confusing Touch                Hexes                        2
   b - Confuse                        Hexes                        3
   c - Gell's Gravitas                Hexes/Translocation          3
   d - Petrify                        Transmutation/Earth          4
   e - Metabolic Englaciation         Hexes/Ice                    5
 o - a book of Clouds

   Spells                             Type                      Level
   a - Mephitic Cloud                 Conjuration/Poison/Air       3
   b - Conjure Flame                  Conjuration/Fire             3
   c - Poisonous Cloud                Conjuration/Poison/Air       6
   d - Freezing Cloud                 Conjuration/Ice/Air          6
   e - Ring of Flames                 Charms/Fire                  7
 p - a book of Dreams

   Spells                             Type                      Level
   a - Ensorcelled Hibernation        Hexes/Ice                    2
   b - Phase Shift                    Translocation                5
   c - Shadow Creatures               Summoning                    5
   d - Silence                        Hexes/Air                    5
   e - Darkness                       Hexes                        6
   f - Mass Confusion                 Hexes                        6
Miscellaneous
 z - a lantern of shadows
Comestibles
 b - 3 bread rations
 k - 27 fruits


   Skills:
 * Level 8.4(13.4) Fighting
 - Level 2.4(7.4) Dodging
 - Level 1.1(6.1) Stealth
 - Level 12.1(17.1) Unarmed Combat


You had 9 spell levels left.
You didn't know any spells.

Dungeon Overview and Level Annotations

Branches:
Dungeon (13/15)            Temple (1/1) D:5
   Lair: D:8-11         Orc: D:9-12      Vaults: D:13-14

Altars:
Ashenzari
Cheibriados
Gozag
Kikubaaqudgha
Makhleb
Nemelex Xobeh
Okawaru
Qazlal
Trog
Vehumet
Yredelemnul
The Shining One


Innate Abilities, Weirdness & Mutations

You are too large for most types of armour.
You have claws for hands.
Your metabolism is lightning-fast.
You like to eat raw meat.
You heal very quickly.
You are covered in fur (AC +1).
You have very tough skin (AC +2).


Message History

The centaur skeleton hits you.
* * * LOW HITPOINT WARNING * * *
You see here a hardcover book.
You claw the centaur skeleton! You mangle the centaur skeleton!!
You destroy the centaur skeleton!
Okawaru accepts your kill.
o - a book of Clouds
There is a stone staircase leading down here.
You climb downwards.
There is a stone staircase leading up here.
Unknown command.
You climb upwards.
There is a stone staircase leading down here.
Unknown command.
There is an open door here.
You open the door.
A white ugly thing comes into view.
There is an open door here.
The white ugly thing gurgles horribly!
You fail to use your ability.
You claw the white ugly thing!
The white ugly thing is lightly wounded.
The white ugly thing closely misses you.
You gain the combat prowess of a mighty hero.
You feel slightly less full. The white ugly thing trunk-slaps you.
The white ugly thing freezes you!!
* * * LOW HITPOINT WARNING * * *
You mangle the white ugly thing!! Your claw misses the white ugly thing.
The white ugly thing is heavily wounded.
You closely miss the white ugly thing.
The white ugly thing is heavily wounded.
The white ugly thing trunk-slaps you!
* * * LOW HITPOINT WARNING * * *
The white ugly thing freezes you!!
* * * LOW HITPOINT WARNING * * *
You claw the white ugly thing!
The white ugly thing is severely wounded.
The white ugly thing trunk-slaps you!
You die...

########..#.........
#......#..#.........
#......#..#.>.......
#......+..#.........
#......#..##'###....
#......'.......#+###
#......#............
#..u...#........####
#..@...##.......#...
#.......#.......#...
#.......#.......'...
.........#.......#...
#####.....#.......##+#
#.....#...........
#+#####...........
.............. #..?...
...)...........


You could see a white ugly thing.

Vanquished Creatures
  A minotaur (Lab)
  A hydra (D:13)
  A troll (D:12)
  A two-headed ogre (D:12)
  A deep elf mage (D:11)
  3 yaks (D:11)
  Eustachio (D:4)
  Grum (D:11)
  A hippogriff (D:9)
  4 wolves (D:11)
  An orc warrior (D:12)
  A black bear (D:11)
  2 ice beasts
  An ogre (D:11)
  A centaur (D:11)
  A big kobold (D:8)
  A giant frog (D:11)
  2 scorpions
  6 killer bees (D:12)
  A jelly (D:13)
  A hound (D:4)
  An orc priest (D:11)
  3 worker ants
  A centaur skeleton (D:11)
  Natasha (twice) (D:4)
  An iguana (D:12)
  A hound skeleton (D:8)
  4 gnolls (D:6)
  2 shadow imps
  A worm (D:4)
  A giant gecko (D:1)
  4 orcs
  2 hobgoblins
  3 jackals
  4 bats
  A goblin (D:1)
  2 kobolds (D:1)
  A quokka skeleton (D:8)
  3 rats (D:1)
70 creatures vanquished.

Notes
Turn   | Place    | Note
--------------------------------------------------------------
     0 | D:1      | Implojin the Troll Monk began the quest for the Orb.
     0 | D:1      | Reached XP level 1. HP: 22/22 MP: 0/0
   110 | D:1      | Reached XP level 2. HP: 27/29 MP: 1/1
   176 | D:3      | Reached skill level 5 in Unarmed Combat
   176 | D:3      | Reached XP level 3. HP: 26/36 MP: 2/2
   182 | D:4      | Noticed Natasha
   185 | D:4      | Killed Natasha
   196 | D:4      | Noticed a scorpion
   214 | D:4      | Killed a scorpion
   214 | D:4      | Reached skill level 6 in Unarmed Combat
   214 | D:4      | Reached XP level 4. HP: 29/44 MP: 3/3
   227 | D:4      | Noticed Natasha
   238 | D:4      | Killed Natasha
   285 | D:4      | Noticed Eustachio
   287 | D:4      | Reached XP level 5. HP: 22/50 MP: 4/4
   300 | D:4      | Killed Eustachio
   300 | D:4      | Reached skill level 7 in Unarmed Combat
   300 | D:4      | Reached XP level 6. HP: 27/59 MP: 5/5
   323 | D:5      | Entered Level 5 of the Dungeon
   343 | D:5      | Found a staircase to the Ecumenical Temple.
   349 | Temple   | Entered the Ecumenical Temple
   377 | Temple   | Became a worshipper of Warmaster Okawaru
   377 | Temple   | Reached * piety under Okawaru
   377 | Temple   | Reached ** piety under Okawaru
   606 | D:8      | Reached skill level 8 in Unarmed Combat
   729 | D:9      | Reached XP level 7. HP: 41/66 MP: 6/6
   731 | D:9      | Noticed a hippogriff
   742 | D:9      | Killed a hippogriff
   742 | D:9      | Reached skill level 9 in Unarmed Combat
   761 | D:10     | Entered Level 10 of the Dungeon
   767 | D:11     | Found a bloodstained altar of Trog.
   769 | D:11     | Noticed a deep elf mage
   775 | D:11     | Killed a deep elf mage
   775 | D:11     | Reached *** piety under Okawaru
   775 | D:11     | Reached skill level 10 in Unarmed Combat
   796 | D:11     | Reached XP level 8. HP: 38/74 MP: 7/7
   896 | D:12     | Noticed a two-headed ogre
   906 | D:12     | Killed a two-headed ogre
   946 | D:11     | Noticed a yak
   946 | D:11     | Noticed a yak
   948 | D:11     | Noticed a yak
   951 | D:11     | Noticed Grum
   953 | D:11     | Reached skill level 11 in Unarmed Combat
   960 | D:11     | Killed a yak
   960 | D:11     | Reached **** piety under Okawaru
   963 | D:11     | Reached skill level 12 in Unarmed Combat
   971 | D:11     | Reached XP level 9. HP: 10/80 MP: 6/8
  1019 | D:12     | Noticed a troll
  1025 | D:12     | Killed a troll
  1025 | D:12     | Reached skill level 3 in Fighting
  1090 | D:13     | Found a labyrinth entrance.
  1099 | Lab      | Entered a labyrinth
  1680 | Lab      | Noticed a minotaur
  1695 | Lab      | Killed a minotaur
  1695 | Lab      | Reached skill level 5 in Fighting
  1709 | Lab      | Identified the Reference Book on Shape Shifting and the Mountains
  1721 | D:13     | Noticed a five-headed hydra
  1729 | D:13     | Killed a six-headed hydra
  1729 | D:13     | Reached ***** piety under Okawaru
  1729 | D:13     | Reached skill level 7 in Fighting
  1766 | D:12     | Reached XP level 10. HP: 30/102 MP: 1/9
  1867 | D:11     | Killed a yak
  1869 | D:11     | Killed a yak
  1869 | D:11     | Reached skill level 8 in Fighting
  1877 | D:11     | Killed Grum
  1942 | D:11     | Noticed a white ugly thing
  1951 | D:11     | HP: 4/106 [white ugly thing (23)]
  1952 | D:11     | Mangled by a white ugly thing

Action                   |  1- 3 |  4- 6 |  7- 9 | 10-12 || total
-------------------------+-------+-------+-------+-------++-------
Melee: Unarmed           |    42 |    68 |    74 |    27 ||   211
Throw: Tomahawk          |       |       |     4 |       ||     4
       Large rock        |       |       |     6 |     3 ||     9
Invok: Heroism           |       |       |     6 |     2 ||     8
       Finesse           |       |       |     1 |       ||     1
  Use: Potion            |       |     1 |     2 |     1 ||     4
       Scroll            |       |       |     9 |       ||     9
  Eat: Chunk             |     4 |     5 |     7 |     2 ||    18
       Beef jerky        |       |       |     1 |       ||     1

Table legend:
 A = Turns spent in this place as a percentage of turns spent in the entire game.
 B = Non-inter-level travel turns spent in this place as a percentage of non-inter-level travel turns spent in the entire game.
 C = Inter-level travel turns spent in this place as a percentage of turns spent in this place.
 D = Turns resting spent in this place as a percentage of non-inter-level travel turns spent in this place.
 E = Turns spent auto-exploring this place as a percentage of non-inter-level travel turns spent in this place.
 F = Non-inter-level travel turns spent in this place divided by the number of levels of this place that you've seen.
                   A       B       C       D       E      F
               +-------+-------+-------+-------+-------+----------------------
         Total | 100.0 | 100.0 |   0.0 |   0.0 |   0.0 | 130.4
       Dungeon |  64.7 |  64.7 |   0.0 |   0.0 |   0.0 |  97.4
        Temple |   2.1 |   2.1 |   0.0 |   0.0 |   0.0 |  42.0
     Labyrinth |  33.1 |  33.1 |   0.0 |   0.0 |   0.0 | 648.0
               +-------+-------+-------+-------+-------+----------------------

Table legend:
 A = Kills in this place as a percentage of kills in entire the game.
 B = Kills by you in this place as a percentage of kills by you in the entire game.
 C = Kills by friends in this place as a percentage of kills by friends in the entire game.
 D = Other kills in this place as a percentage of other kills in the entire game.
 E = Experience gained in this place as a percentage of experience gained in the entire game.
 F = Experience gained in this place divided by the number of levels of this place that you have seen.
                   A       B       C       D       E      F
               +-------+-------+-------+-------+-------+----------------------
         Total | 100.0 | 100.0 |  -nan |  -nan | 100.0 | 453.3
       Dungeon |  98.6 |  98.6 |  -nan |  -nan |  84.0 | 439.2
     Labyrinth |   1.4 |   1.4 |  -nan |  -nan |  16.0 | 1091.0
               +-------+-------+-------+-------+-------+----------------------
